 Dungeon Crawl Stone Soup version 0.27-a0-1116-g91b3acb402 (webtiles) character file.

Game seed: 3954663437267655699

1791 voltaire321 the Spear-Bearer (level 9, -15/69 HPs)
             Began as a Merfolk Gladiator on May 2, 2021.
             Was a Follower of Fedhas.
             Killed from afar by Maggie (25 damage)
             ... with a bolt of fire
             ... on level 7 of the Dungeon.
             The game lasted 00:14:54 (5417 turns).

voltaire321 the Spear-Bearer (Merfolk Gladiator)    Turns: 5417, Time: 00:14:54

Health: -15/69     AC:  6    Str: 14    XL:     9   Next: 8%
Magic:  12/12      EV: 15    Int: 10    God:    Fedhas [*.....]
Gold:   171        SH: 10    Dex: 24    Spells: 8/8 levels left

rFire    . . .     SeeInvis .   a - +2 trident (venom)
rCold    . . .     Faith    .   l - +0 kite shield
rNeg     . . .     Spirit   .   r - +0 leather armour of Qukkoar {+Inv Int+2}
rPois    .         Reflect  .   c - +2 helmet
rElec    .         Harm     .   (no cloak)
rCorr    .         Rampage  .   (no gloves)
Will     .....                  (no boots)
Stlth    ++........             i - amulet of the acrobat
HPRegen  0.21/turn              p - +6 ring of dexterity
MPRegen  0.13/turn              (no ring)

@: no status effects
A: (nimble swimmer 2), mertail
a: Renounce Religion, Evoke Invisibility


You were on level 7 of the Dungeon.
You worshipped Fedhas.
Fedhas was aware of your devotion.
You visited 1 branch of the dungeon, and saw 7 of its levels.
You also visited: Sewer.

You collected 336 gold pieces.
You spent 165 gold pieces at shops.

Inventory:

Hand Weapons
 a - a +2 trident of venom (weapon)
Missiles
 d - 3 throwing nets
 f - 30 poisoned darts (quivered)
 h - a curare-tipped dart
 z - 5 boomerangs
Armour
 c - a +2 helmet (worn)
 l - a +0 kite shield (worn)
 r - the +0 leather armour of Qukkoar (worn) {+Inv Int+2}
   (You bought it in a shop on level 4 of the Dungeon)

   It affects your intelligence (+2).
   It lets you turn invisible.
Jewellery
 i - an amulet of the acrobat (around neck)
 p - a +6 ring of dexterity (left hand)
 s - a ring of fire
 w - the ring "Hiegaovi" {Fly rF+ rC- Dex+6 Stlth+}
   (You found it on level 5 of the Dungeon)

   [ring of dexterity]

   It affects your dexterity (+6).
   It protects you from fire.
   It makes you vulnerable to cold.
   It grants you flight.
   It makes you more stealthy.
Scrolls
 t - 4 scrolls of teleportation
 x - 2 scrolls of identify
 y - 3 scrolls of holy word
Potions
 b - a potion of attraction {unknown}
 e - 5 potions of curing
 g - 2 potions of cancellation {unknown}
 j - 2 potions of flight
 k - 4 potions of heal wounds {unknown}
 m - 3 potions of invisibility {unknown}
 n - 4 potions of haste {unknown}
 o - a potion of lignification {unknown}
 q - 2 potions of brilliance {unknown}
 u - a potion of resistance {unknown}
 v - a potion of berserk rage {unknown}
 A - a potion of magic {unknown}


   Skills:
 + Level 5.7 Fighting
 + Level 8.3 Polearms
 + Level 5.2 Throwing
 + Level 7.8 Dodging
 + Level 3.6 Shields
 + Level 4.0 Invocations


You had 8 spell levels left.
You didn't know any spells.
Your spell library contained the following spells:

 Spells                   Type           Power      Damage    Failure   Level
 Animate Skeleton         Necr           0%         N/A       91%         1
 Apportation              Tloc           0%         N/A       91%         1
 Corona                   Hex            0%         N/A       91%         1
 Freeze                   Ice            0%         1d3       91%         1
 Shock                    Conj/Air       0%         1d3       91%         1
 Summon Small Mammal      Summ           0%         N/A       91%         1
 Call Imp                 Summ           0%         N/A       97%         2
 Static Discharge         Conj/Air       0%         N/A       97%         2
 Call Canine Familiar     Summ           0%         N/A       99%         3
 Frozen Ramparts          Ice            0%         1d2       99%         3
 Ozocubu's Armour         Ice            0%         N/A       99%         3
 Summon Guardian Golem    Hex/Summ       0%         N/A       99%         3
 Swiftness                Air            0%         N/A       99%         3
 Airstrike                Air            0%         N/A       100%        4
 Hailstorm                Conj/Ice       0%         3d3       100%        4
 Summon Ice Beast         Ice/Summ       0%         N/A       100%        4
 Summon Lightning Spire   Summ/Air       0%         N/A       100%        4
 Lightning Bolt           Conj/Air       0%         1d11      100%        5
 Metabolic Englaciation   Hex/Ice        0%         N/A       100%        5


Dungeon Overview and Level Annotations

Branches:
Dungeon (7/15)              Sewer (visited)
 Temple: D:4-7

Altars:
Cheibriados
Elyvilon
Fedhas
Gozag
Okawaru
Qazlal
Ru
Trog
Uskayaw
Zin

Shops:
D:3 (   D:4 *   D:5 !

Annotations:
D:7 Maggie


Innate Abilities, Weirdness & Mutations

((You are quick and stealthy near water. (Stealth+, EV+, Speed+++)))
Your lower body shifts to a powerful aquatic tail in water.


Message History

You puncture the bullfrog!
The bullfrog is poisoned.
The bullfrog is severely wounded.
You feel sick. You block the bullfrog's attack. The bullfrog barely misses you.
You hit the bullfrog.
The bullfrog is almost dead.
You feel sick.
You are no longer poisoned.
The bullfrog hits you. The bullfrog barely misses you.
You hit the bullfrog.
You kill the bullfrog!
Fedhas appreciates your contribution to the ecosystem.
Your Invocations skill increases to level 4!
There is a stone staircase leading up here.
You hit Maggie.
Maggie is lightly wounded.
Maggie barely misses you.
You hit Maggie but do no damage.
Maggie is poisoned.
Maggie is lightly wounded.
Maggie casts a spell at you. The bolt of fire misses you.
You puncture Maggie!
Maggie is lightly wounded.
Maggie hits you with a +0 scimitar!
Maggie points at you and mumbles some strange words.
The bolt of fire hits you!
You hit Maggie.
Maggie is moderately wounded.
Maggie hits you with a +0 scimitar!
* * * LOW HITPOINT WARNING * * *
Okay, then.
You hit Maggie.
Maggie is moderately wounded.
Maggie hits you with a +0 scimitar!
* * * LOW HITPOINT WARNING * * *
You hit Maggie.
Maggie is moderately wounded.
Maggie points at you and mumbles some strange words.
The bolt of fire hits you!!
You die...
Fedhas appreciates your contribution to the ecosystem.

.....#.##
....(#..##
.....#...##
..?.......##
#........>.#
#.....:....#
#......†...#
#.....†@@..#
#.........##
.........##
..$..#####
..... $...
... ...


You could see Maggie (very poisoned).

Vanquished Creatures
  Sigmund (D:5)
  A water moccasin (D:7)
  6 ogres
  An orc warrior (D:4)
  2 black bears (D:6)
  A necrophage (D:3)
  A kobold brigand (Sewer)
  A bullfrog (D:7)
  2 scorpions
  A water moccasin zombie (D:6)
  A water moccasin skeleton (D:5)
  A centaur zombie (D:6)
  2 jellies
  An orc wizard (D:5)
  A killer bee zombie (D:6)
  A howler monkey zombie (D:5)
  2 river rats (Sewer)
  2 adders (D:6)
  4 gnolls (D:5)
  A shadow imp (D:6)
  A white imp (D:2)
  2 worms
  4 dart slugs
  2 orcs
  3 endoplasms (D:1)
  6 giant cockroaches
  4 hobgoblins
  4 jackals
  4 quokkas
  8 ball pythons
  5 bats
  A frilled lizard (D:2)
  8 goblins
  9 kobolds
  9 rats
103 creatures vanquished.

Notes
Turn   | Place    | Note
-------+----------+-------------------------------------------
     0 | D:1      | voltaire321 the Merfolk Gladiator began the quest for the
                  | Orb.
     0 | D:1      | Reached XP level 1. HP: 16/16 MP: 1/1
   185 | D:1      | Found a faded altar of an unknown god.
   200 | D:1      | Reached XP level 2. HP: 23/23 MP: 2/2
   455 | D:1      | Reached XP level 3. HP: 28/28 MP: 3/3
  1036 | D:2      | Found a white marble altar of Elyvilon.
  1190 | D:2      | Reached skill level 5 in Polearms
  1477 | D:2      | Reached XP level 4. HP: 34/34 MP: 4/4
  1672 | D:3      | Found a glowing drain.
  1682 | Sewer    | Entered a sewer
  1884 | Sewer    | Noticed a kobold brigand
  1912 | Sewer    | Killed a kobold brigand
  1913 | Sewer    | Reached skill level 5 in Dodging
  1913 | Sewer    | Reached XP level 5. HP: 18/41 MP: 5/5
  2113 | Sewer    | Found a white marble altar of Elyvilon.
  2297 | D:3      | Noticed a necrophage
  2302 | D:3      | Killed a necrophage
  2303 | D:3      | Reached skill level 6 in Polearms
  2303 | D:3      | Reached XP level 6. HP: 47/48 MP: 6/6
  2308 | D:3      | Found a sacrificial altar of Ru.
  2464 | D:3      | Found a glowing silver altar of Zin.
  2548 | D:3      | Found Jurienunn's Antique Weapon Shop.
  2741 | D:3      | Found a blossoming altar of Fedhas.
  2747 | D:3      | Became a worshipper of Fedhas Madash
  2920 | D:4      | Found a bloodstained altar of Trog.
  3034 | D:4      | Found Rethro's Assorted Antiques.
  3037 | D:4      | Bought a polished leather armour for 105 gold pieces
  3037 | D:4      | Identified the +0 leather armour of Qukkoar {+Inv Int+2}
                  | (You bought it in a shop on level 4 of the Dungeon)
  3037 | D:4      | Bought a scroll labelled OCKANOW UWNAF for 15 gold pieces
  3470 | D:5      | Entered Level 5 of the Dungeon
  3496 | D:5      | Noticed an orc warrior
  3525 | D:4      | Killed an orc warrior
  3526 | D:4      | Reached skill level 1 in Shields
  3526 | D:4      | Reached skill level 1 in Invocations
  3526 | D:4      | Reached XP level 7. HP: 39/54 MP: 7/7
  3631 | D:5      | Found Ylefucal's Distillery.
  3686 | D:5      | Bought a potion of curing for 45 gold pieces
  3905 | D:5      | Found a hide-covered altar of Uskayaw.
  3920 | D:5      | Noticed Sigmund
  3926 | D:5      | Killed Sigmund
  3926 | D:5      | Reached * piety under Fedhas
  3927 | D:5      | Reached skill level 7 in Polearms
  4060 | D:5      | Identified the ring "Hiegaovi" {Fly rF+ rC- Dex+6 Stlth+}
  4239 | D:5      | Reached XP level 8. HP: 56/61 MP: 9/9
  4539 | D:6      | Reached skill level 5 in Fighting
  4701 | D:6      | Found an opulent altar of Gozag.
  4701 | D:6      | Found a snail-covered altar of Cheibriados.
  4705 | D:6      | Found an iron altar of Okawaru.
  4844 | D:6      | Found a stormy altar of Qazlal.
  5070 | D:6      | Reached skill level 8 in Polearms
  5075 | D:6      | Reached skill level 5 in Throwing
  5398 | D:7      | Noticed Maggie
  5406 | D:7      | Reached XP level 9. HP: 52/69 MP: 11/11
  5417 | D:7      | Killed from afar by Maggie

Illustrated notes

Levels and vault maps discovered:
D:1:      giann_wishing_wells, layout_basic,
          shapermc_ecumenical_altar_starsandcircs
D:2:      layout_basic, basic_altar, corexii_shack, kennysheep_generic_room_9
D:3:      layout_rooms, zin_academy, general_overflow_altar,
          nicolae_overflow_crystal_walls, portal_sewer_entry_e,
          serial_co_window_serial, co_window_corner_a, co_window_corner_a,
          co_window_corner_a, co_window_cross_1, co_window_corner_a,
          co_window_paths_a, co_window_paths_a, co_window_corner_a,
          co_window_paths_b, co_window_broadway_b, co_window_broadway_b,
          co_window_corner_ca, glass_columns_b, glass_columns_b,
          glass_columns_c, glass_columns_a, serial_shops, shop_coins,
          chequers_serial_rivers_micro_d
D:4:      layout_basic, trog_three_pillars_becter, serial_shops, shop,
          kennysheep_flooded_box
D:5:      layout_cave_pools, eat_drink_and_be_merry_uskayaw, serial_shops, shop,
          uniq_sigmund
D:6:      layout_rooms, grunt_temple_overflow_open, solitary_fountain,
          corexii_item_surrounded_by_moat, grunt_ministairs_7,
          lemuel_flame_loot_1
D:7:      layout_cave_pods, lemuel_tele_altar, minmay_temple_entry_nine_rooms,
          serial_shops, shop_fountains, uniq_maggie

Skill      XL: |  1  2  3  4  5  6  7  8  9 |
---------------+----------------------------+-----
Polearms       | 5 6 7 8 |  8.3
Fighting       | 3 4 5 |  5.7
Throwing       | 3 4 5 |  5.2
Dodging        | 5 6 7 |  7.8
Shields        | 1 2 3 |  3.6
Invocations    | 1 2 3 4 |  4.0

Action                   |  1- 3 |  4- 6 |  7- 9 || total
-------------------------+-------+-------+-------++-------
Melee: Trident           |    99 |    70 |   143 ||   312
Throw: Dart              |       |     7 |    17 ||    24
  Use: Scroll            |     5 |     9 |     2 ||    16
       Potion            |       |     1 |       ||     1
 Stab: Sleeping          |     2 |     1 |     2 ||     5
Armor: Leather armour    |    21 |    11 |    21 ||    53
Dodge: Dodged            |    57 |    36 |    73 ||   166
Block: Kite shield       |       |     4 |    56 ||    60

Table legend: (Time is in decaauts)
 A = Elapsed time spent in this place.
 B = Non-inter-level travel time spent in this place.
 C = Inter-level travel time spent in this place.
 D = Time resting spent in this place.
 E = Time spent auto-exploring this place.
 F = Levels seen in this place.
 G = Mean time per level.
                   A        B        C        D        E       F      G
               +--------+--------+--------+--------+--------+-----+--------+
         Total |   5416 |   5327 |     89 |   1063 |   3148 |   8 |  677.0 |
       Dungeon |   4983 |   4894 |     89 |    776 |   3087 |   7 |  711.9 |
         Sewer |    433 |    433 |      0 |    287 |     60 |   1 |  433.0 |
               +--------+--------+--------+--------+--------+-----+--------+

Top non-repeatable levels by time:
     D:1: 1041 daAuts
     D:6: 987 daAuts
     D:5: 850 daAuts
     D:3: 834 daAuts
     D:4: 686 daAuts
     D:2: 562 daAuts
   Sewer: 433 daAuts
     D:7: 21 daAuts
